 Dungeon Sprint DCSS version 0.21.2 (webtiles) character file.

6994 Fang the Severer (level 11, -7/80 HPs)
             Began as a Gargoyle Berserker on Sept 27, 2018.
             Was the Champion of Trog.
             Mangled by a blink frog (11 damage)
             ... in the Dungeon (Sprint VII: "The Pits").
             The game lasted 00:03:04 (2188 turns).

Fang the Severer (Gargoyle Berserker)               Turns: 2188, Time: 00:03:04

Health: -7/80      AC: 20    Str: 23    XL:     11   Next: 8%
Magic:  11/11      EV:  7    Int:  9    God:    Trog [******]
Gold:   0          SH:  0    Dex:  9    Spells: 10/10 levels left

rFire    . . .     SeeInvis .   j - +2 battleaxe (elec)
rCold    . . .     Gourm    .   (shield currently unavailable)
rNeg     + . .     Faith    .   n - +3 scale mail
rPois    ∞         Spirit   .   (no helmet)
rElec    +         Reflect  .   (no cloak)
rCorr    .         Harm     .   (no gloves)
MR       .....     NoTele   +   (no boots)
Stlth    +.........             (no amulet)
HPRegen  0.23/turn              (no ring)
MPRegen  0.12/turn              (no ring)

@: berserk cooldown, held, slowed, very slow
A: deterioration 1, negative energy resistance 1, shaggy fur 1, electricity
resistance, wild magic 1, unbreathing, petrification resistance, rot immunity,
MP-powered wands, AC +8
a: Berserk, Trog's Hand, Brothers in Arms, Burn Spellbooks, Renounce Religion


You were in the Dungeon.
You worshipped Trog.
Trog was exalted by your worship.
You were not hungry.

You visited 1 branch

Inventory:

Hand Weapons
 b - a +1 antimagic battleaxe
 j - a +2 battleaxe of electrocution (weapon)
 r - a +1 broad axe of chopping
Armour
 n - a +3 scale mail (worn)
Jewellery
 p - a +3 ring of evasion
 q - a +3 ring of protection
Scrolls
 i - a scroll of blinking
 k - 3 scrolls of remove curse
 l - a scroll of summoning
Potions
 a - 2 potions of invisibility
 d - 7 potions of curing
 e - 10 potions of heal wounds
 f - a potion of haste
 g - 4 potions of magic
 h - 6 potions of berserk rage
 o - a potion of agility
Comestibles
 c - 6 rations


   Skills:
 + Level 14.1 Fighting
 + Level 16.5 Axes
 + Level 10.6 Armour
 + Level 7.4 Dodging
 + Level 3.5 Stealth


You had 10 spell levels left.
You didn't know any spells.

Dungeon Overview and Level Annotations

Branches:
Dungeon (1/1)

Altars:
Ashenzari
Cheibriados
Dithmenos
Elyvilon
Fedhas
Gozag
Hepliaklqana
Kikubaaqudgha
Makhleb
Nemelex Xobeh
Okawaru
Qazlal
Ru
Sif Muna
Trog
Uskayaw
Vehumet
Wu Jian
Xom
Yredelemnul
Zin
The Shining One
Beogh
Jiyva
Lugonu

Annotations:
D Harold


Innate Abilities, Weirdness & Mutations

You are resistant to torment.
Your stone body is resilient. (AC +8)
You are immune to poison.
You resist negative energy. (rN+)
You are resistant to electric shocks. (rElec)
You can survive without breathing.
You are immune to petrification.
You are immune to rotting.
Your body sometimes deteriorates upon taking damage.
You are covered in fur. (AC +1)
Your spells are a little harder to cast, but a little more powerful.
You expend magic power (3 MP) to strengthen your wands.


Message History

You feel extremely nervous for a moment...
You feel yourself slow down.
You feel horribly lethargic.
Unknown command.
Unknown command.
You feel a strong urge to attack something.
You are no longer berserk.
You are exhausted.
You feel as though you will be slow longer.
The blink frog misses you.
Harold throws a throwing net.
The throwing net hits you.
You become entangled in the net!
The blink frog hits you.
There is an open door here.
You see here a throwing net.
You struggle against the net.
The blink frog hits you. Harold gestures at you while chanting.
The bolt of fire hits you!
* * * LOW HITPOINT WARNING * * *
The blink frog hits you but does no damage.
You struggle against the net.
The blink frog hits you!
You die...

#####†)######
...##''#########
...##......#...+ .
...##....###)).# ..
...##...##.+)).+ ## ...
...##..##..##)## .##...#
...##..#..##†)@##..'.. #
...##..#÷.#...††#..#...#
#####..'..'...).@F.'...'
#####..#..#.....#..#...#
.[[##..#..##...##..'.. #
.[[##..##..##+## .##...#
.))##...##.+ ## ...
.))##....### ..
.))##......# .
############


You could see Harold and a blink frog.

Vanquished Creatures
  A manticore (D)
  A molten gargoyle (D)
  A spiny frog (D)
  A hellwing (D)
  A guardian mummy (D)
  A red devil (D)
  A polar bear (D)
  A tyrant leech (D)
  A hornet (D)
  6 blink frogs (D)
  11 dream sheep (D)
  A ynoxinul (D)
  A vampire (D)
  4 yaks (D)
  An acid dragon (D)
  A porcupine (D)
  Purgy (D)
  A gnoll sergeant (D)
  A scorpion (D)
  5 killer bees (D)
  A wight (D)
  A hound (D)
  3 worker ants (D)
  3 gnolls (D)
  An adder (D)
  A white imp (D)
  An ufetubus (D)
  An ooze (D)
  3 orcs (D)
  A bat (D)
  A giant cockroach (D)
  A goblin (D)
  3 hobgoblins (D)
  3 jackals (D)
  A frilled lizard (D)
  A quokka skeleton (D)
68 creatures vanquished.

Notes
Turn   | Place    | Note
-------+----------+-------------------------------------------
     0 | D        | Fang the Gargoyle Berserker began the quest for the Orb.
     0 | D        | Reached XP level 1. HP: 14/14 MP: 1/1
    21 | D        | Found a bloodstained altar of Trog.
    21 | D        | Found a deep blue altar of Sif Muna.
    21 | D        | Found a viscous altar of Jiyva.
    21 | D        | Found a hazy altar of Hepliaklqana.
    21 | D        | Found an opulent altar of Gozag.
    22 | D        | Found a glowing golden altar of the Shining One.
    22 | D        | Found a glowing silver altar of Zin.
    22 | D        | Found a basalt altar of Yredelemnul.
    22 | D        | Found a shimmering altar of Xom.
    22 | D        | Found an ornate altar of the Wu Jian Council.
    22 | D        | Found a sacrificial altar of Ru.
    22 | D        | Found a stormy altar of Qazlal.
    22 | D        | Found an iron altar of Okawaru.
    22 | D        | Found a sparkling altar of Nemelex Xobeh.
    22 | D        | Found a burning altar of Makhleb.
    22 | D        | Found a blossoming altar of Fedhas.
    22 | D        | Found a white marble altar of Elyvilon.
    22 | D        | Found a shadowy altar of Dithmenos.
    22 | D        | Found a snail-covered altar of Cheibriados.
    24 | D        | Found a radiant altar of Vehumet.
    24 | D        | Found a corrupted altar of Lugonu.
    24 | D        | Found a roughly hewn altar of Beogh.
    67 | D        | Reached skill level 3 in Axes
    78 | D        | Reached ** piety under Trog
    78 | D        | Reached XP level 2. HP: 5/20 MP: 2/2
   321 | D        | Reached skill level 5 in Fighting
   334 | D        | Reached skill level 4 in Axes
   334 | D        | Reached XP level 3. HP: 13/27 MP: 3/3
   624 | D        | Reached *** piety under Trog
   796 | D        | Reached skill level 5 in Axes
   796 | D        | Reached XP level 4. HP: 32/32 MP: 4/4
   797 | D        | Reached **** piety under Trog
   836 | D        | Noticed a porcupine
   844 | D        | Killed a porcupine
   844 | D        | Reached skill level 7 in Axes
   844 | D        | Reached skill level 1 in Stealth
   844 | D        | Reached XP level 5. HP: 7/39 MP: 5/5
  1031 | D        | Reached XP level 6. HP: 31/45 MP: 6/6
  1095 | D        | Reached ***** piety under Trog
  1205 | D        | Reached skill level 8 in Axes
  1205 | D        | Reached skill level 5 in Armour
  1209 | D        | Noticed a molten gargoyle
  1209 | D        | Noticed a hornet
  1220 | D        | Killed a hornet
  1220 | D        | Received a gift from Trog
  1220 | D        | Reached skill level 10 in Fighting
  1220 | D        | Reached skill level 9 in Axes
  1220 | D        | Reached XP level 7. HP: 52/52 MP: 7/7
  1225 | D        | Killed a molten gargoyle
  1225 | D        | Reached skill level 10 in Axes
  1454 | D        | Gained mutation: Your body sometimes deteriorates upon taking damage. [potion of mutation]
  1454 | D        | Gained mutation: You expend magic power (3 MP) to strengthen your wands. [potion of mutation]
  1454 | D        | Gained mutation: Your spells are a little harder to cast, but a little more powerful. [potion of mutation]
  1454 | D        | Gained mutation: You are covered in fur. (AC +1) [potion of mutation]
  1523 | D        | Found a hide-covered altar of Uskayaw.
  1523 | D        | Found an ancient bone altar of Kikubaaqudgha.
  1523 | D        | Found a shattered altar of Ashenzari.
  1545 | D        | Noticed Purgy
  1549 | D        | Reached XP level 8. HP: 60/60 MP: 2/8
  1553 | D        | Killed Purgy
  1553 | D        | Received a gift from Trog
  1556 | D        | Reached skill level 5 in Dodging
  1617 | D        | Noticed a spiny frog
  1618 | D        | Noticed a ynoxinul
  1621 | D        | Killed a spiny frog
  1621 | D        | Reached skill level 11 in Axes
  1627 | D        | Killed a ynoxinul
  1627 | D        | Reached ****** piety under Trog
  1819 | D        | Noticed a hellwing
  1824 | D        | Reached skill level 12 in Axes
  1832 | D        | Killed a hellwing
  1832 | D        | Reached XP level 9. HP: 27/65 MP: 3/9
  2055 | D        | Noticed a red devil
  2063 | D        | Killed a red devil
  2063 | D        | Received a gift from Trog
  2115 | D        | Noticed a manticore
  2122 | D        | Killed a manticore
  2122 | D        | Reached skill level 13 in Axes
  2137 | D        | Received a gift from Trog
  2139 | D        | Reached skill level 14 in Axes
  2139 | D        | Reached XP level 10. HP: 72/72 MP: 10/10
  2143 | D        | Received a gift from Trog
  2150 | D        | Reached skill level 10 in Armour
  2151 | D        | Noticed Harold
  2152 | D        | Reached skill level 15 in Axes
  2157 | D        | Received a gift from Trog
  2168 | D        | Reached skill level 16 in Axes
  2175 | D        | Reached XP level 11. HP: 58/80 MP: 11/11
  2179 | D        | Received a gift from Trog
  2187 | D        | HP: 4/80 [Harold/bolt of fire (21)]
  2188 | D        | Mangled by a blink frog

Skill      XL: |  1  2  3  4  5  6  7  8  9 10 |
---------------+-------------------------------+-----
Axes           | 3 4 5 7 9 10 12 14 16 | 16.5
Fighting       | 4 5 6 8 10 11 12 14 | 14.1
Dodging        | 2 3 4 5 6 7 |  7.4
Armour         | 3 4 6 7 8 9 10 | 10.6
Stealth        | 1 2 3 |  3.5

Action                   |  1- 3 |  4- 6 |  7- 9 | 10-12 || total
-------------------------+-------+-------+-------+-------++-------
Melee: Hand axe          |    38 |    59 |    11 |       ||   108
       Battleaxe         |       |       |    50 |    39 ||    89
Invok: Berserk           |     2 |     2 |     5 |       ||     9
  Use: Potion            |       |       |     1 |       ||     1
  Eat: Chunk             |       |     1 |     2 |       ||     3
       Ration            |       |     1 |     2 |       ||     3
Armor: Animal skin       |    13 |       |       |       ||    13
       Scale mail        |       |    21 |    52 |    15 ||    88
Dodge: Dodged            |    33 |    28 |    63 |    17 ||   141
